 Dungeon Crawl Stone Soup version 0.25.1-2-g60ff931df9 (webtiles) character file.

Game seed: 10860939559581872688

322 DearestLeader the Distorting Demonspawn (level 6, 0/47 HPs)
             Began as a Demonspawn Abyssal Knight on Sept 28, 2020.
             Was a Believer of Lugonu.
             Killed by divine providence
             ... invoked by an orc priest
              (10 damage)
             ... on level 4 of the Dungeon.
             The game lasted 00:06:45 (4332 turns).

DearestLeader the Distorting Demonspawn (DsAK)      Turns: 4332, Time: 00:06:46

Health: 0/47       AC:  7    Str: 15    XL:     6   Next: 22%
Magic:  9/9        EV: 11    Int:  9    God:    Lugonu [**....]
Gold:   110        SH:  0    Dex: 14    Spells: 5/5 levels left

rFire    + + +     SeeInvis .   a - +2 hand axe
rCold    . . .     Gourm    .   (no shield)
rNeg     . . .     Faith    .   r - +1 leather armour of the Crypt {rF++ Int-4} (curse)
rPois    .         Spirit   .   o - +2 helmet
rElec    .         Reflect  .   (no cloak)
rCorr    .         Harm     .   (no gloves)
MR       .....                  (no boots)
Stlth    +++.......             (no amulet)
HPRegen  0.15/turn              m - ring of protection from fire
MPRegen  0.11/turn              (no ring)

@: no status effects
A: thin skeletal structure 1, nightstalker 1
a: Depart the Abyss, Bend Space, Renounce Religion


You were on level 4 of the Dungeon.
You worshipped Lugonu.
Lugonu was pleased with you.
You were not hungry.

You visited 1 branch of the dungeon, and saw 4 of its levels.
You visited the Abyss 1 time.

You collected 110 gold pieces.

Inventory:

Hand Weapons
 a - a +2 hand axe (weapon)
Missiles
 k - 7 javelins (quivered)
Armour
 b - a +0 leather armour
 f - a +0 ring mail
 o - a +2 helmet (worn)
 r - the cursed +1 leather armour of the Crypt (worn) {rF++ Int-4}
   (You found it on level 4 of the Dungeon)

   It affects your intelligence (-4).
   It greatly protects you from fire.
   It has a curse placed upon it.
Jewellery
 m - a ring of protection from fire (left hand)
Scrolls
 e - a scroll of fog
 h - a scroll of remove curse
Potions
 d - a potion of cancellation
 g - a potion of might
 j - a potion of invisibility {unknown}
 l - a potion of degeneration {unknown}
Comestibles
 c - 5 rations


   Skills:
 - Level 3.0 Fighting
 * Level 5.0 Axes
 - Level 2.0 Armour
 - Level 1.0 Dodging
 + Level 5.2 Invocations


You had 5 spell levels left.
You didn't know any spells.
Your spell library was empty.

Dungeon Overview and Level Annotations

Branches:
Dungeon (4/15)
 Temple: D:4-7

Altars:
Ashenzari
Vehumet


Innate Abilities, Weirdness & Mutations

You have a somewhat thin skeletal structure. (Dex +2, Stealth)
You are slightly more attuned to the shadows.


Message History

All of the chunks of flesh in your inventory have rotted away.
As you read the scroll labeled JIYXAB LAORPH, it crumbles to dust.
It is a scroll of enchant weapon.
Your +1 hand axe glows red for a moment.
A bullfrog skeleton comes into view.
The orc wizard misses you. The orc wizard casts a spell at you.
You resist with some effort. The orc priest barely misses you.
The orc wizard mumbles some strange words.
The orc wizard flickers and vanishes!
Deactivating autopickup; reactivate with Ctrl-A.
The orc wizard hits you but does no damage.
The orc priest hits you but does no damage.
There is a shattered altar of Ashenzari here.
The orc priest mumbles some strange prayers to Beogh against you.
Beogh smites you!
* * * LOW HITPOINT WARNING * * *
The orc priest calls down the wrath of Beogh upon you.
Beogh smites you!
You die...

*,,,,,,,,,,*#......#,,,,,,,,,*
*,,,,,,,,,>*#.###...,,,,,,,***
*,,,,,,,,,,*#.###.#*,,,,,*,,,*
*,,,,.....,*#"###o#*,,,,,,**,*
*.####.#..#*#..#o.#*,,..*,,,,*
#.........###..#..##....****,*
#.............._o.......,***,,
#.........##..o#........,,,,,,
#.........##.@.#....####**,,,,
#.......(.....###..##*****,*,,
#.........##..###...........,,
#.........##..###.#.........,,
#.........#.......#........#,*
*#.........#####...#.........,*
*.......#### #..#.#........>#,
*.#####.# #.##.#...........
***,* #.# ##.##.###.####..##


You could see 2 orc priests and 2 orc wizards.

Vanquished Creatures
  An ogre (D:4)
  A hound (D:3)
  2 worker ants (D:4)
  A hound skeleton (D:4)
  Robin (D:3)
  A howler monkey skeleton (D:3)
  5 adders
  An ooze (D:2)
  A worm (D:4)
  2 dart slugs
  3 leopard geckos
  2 orcs
  5 bats
  5 giant cockroaches
  15 goblins
  4 hobgoblins
  7 jackals (D:1)
  3 quokkas (D:3)
  4 frilled lizards
  6 kobolds
  6 rats
76 creatures vanquished.

Notes
Turn   | Place    | Note
-------+----------+-------------------------------------------
     0 | Abyss:1  | DearestLeader the Demonspawn Abyssal Knight began the quest
                  | for the Orb.
     0 | Abyss:1  | Reached XP level 1. HP: 18/18 MP: 2/2
    48 | Abyss:1  | Noticed a wretched star
    49 | D:1      | Escaped the Abyss
   135 | D:1      | Reached * piety under Lugonu
   135 | D:1      | Gained mutation: You are slightly more attuned to the
                  | shadows. [demonic ancestry]
   135 | D:1      | Reached XP level 2. HP: 9/24 MP: 4/4
  1291 | D:2      | Reached skill level 1 in Dodging
  1291 | D:2      | Reached XP level 3. HP: 19/29 MP: 5/5
  2270 | D:2      | Reached XP level 4. HP: 35/35 MP: 6/6
  3300 | D:3      | Reached ** piety under Lugonu
  3416 | D:3      | Noticed Robin
  3434 | D:3      | Gained mutation: You have a somewhat thin skeletal
                  | structure. (Dex +2, Stealth) [demonic ancestry]
  3434 | D:3      | Reached XP level 5. HP: 33/41 MP: 8/8
  3458 | D:3      | Killed Robin
  4016 | D:4      | Got a translucent leather armour
  4026 | D:4      | Identified the cursed +1 leather armour of the Crypt {rF++
                  | Int-4} (You found it on level 4 of the Dungeon)
  4041 | D:4      | Found a radiant altar of Vehumet.
  4051 | D:4      | Noticed an ogre
  4058 | D:4      | Killed an ogre
  4067 | D:4      | Reached skill level 5 in Invocations
  4067 | D:4      | Reached XP level 6. HP: 47/47 MP: 9/9
  4254 | D:4      | Reached skill level 5 in Axes
  4305 | D:4      | Found a shattered altar of Ashenzari.
  4332 | D:4      | Killed from afar by an orc priest

Illustrated notes

Levels and vault maps discovered:
D:1:      giann_forest_graveyard, layout_basic, hex_tiny
D:2:      layout_basic
D:3:      layout_rooms, first_ration, minmay_between, uniq_robin
D:4:      old_forge, layout_rooms, grunt_temple_overflow_cloverleaf,
          cheibrodos_ashenzari_chains, vehumet_crystals

Skill      XL: |  1  2  3  4  5  6 |
---------------+-------------------+-----
Axes           | 2 3 4 5 |  5.0
Invocations    | 3 4 5 |  5.2
Dodging        | 1 |  1.0
Armour         | 2 |  2.0
Fighting       | |  3.0

Action                   |  1- 3 |  4- 6 || total
-------------------------+-------+-------++-------
Melee: Hand axe          |   121 |   174 ||   295
Invok: Depart the Abyss  |     1 |       ||     1
  Use: Scroll            |     3 |     4 ||     7
 Stab: Sleeping          |     2 |     4 ||     6
  Eat: Chunk             |     4 |     7 ||    11
Armor: Leather armour    |    23 |    11 ||    34
       Ring mail         |    38 |    57 ||    95
Dodge: Dodged            |   106 |   122 ||   228
